Map: Site Delta LE

Players

Entropy - Winner!

  • Race: Zerg Zerg
  • League: Diamond
  • Spawn Location: 11:00

Infectious

  • Race: Zerg Zerg
  • League: Platinum
  • Spawn Location: 5:00

VOD

Have the link to the VOD?

Description

Time

  • Played on: Nov. 23, 2023, 11:12 p.m.
  • Length: 13:26
Show
View Real Time Build Order
Export as new Build Order

Entropy Zerg - Winner!

Build Orders: Hatch First 

Get SALT Encoding   

  12  0:00  Drone  
  13  0:12  Overlord  
  13  0:16  Drone  
  14  0:33  Drone x2  
  16  0:47  Hatchery  
  15  0:52  Drone  
  15  0:55  Drone  
  17  0:58  Drone  
  18  1:09  Extractor  
  17  1:13  Spawning Pool  
  17  1:16  Drone  
  17  1:19  Drone  
  18  1:27  Drone  
  19  1:38  Drone  
  20  1:49  Overlord  
  20  2:00  Drone  
  20  2:01  Queen x2  
  21  2:03  Zergling x2  
  26  2:10  Zergling x2  
  26  2:12  Metabolic Boost  
  27  2:18  Drone  
  28  2:23  Drone x2  
  30  2:35  Drone x2  
  32  2:42  Overlord  
  32  2:48  Hatchery  
  32  2:49  Drone  
  32  2:54  Drone x2  
  34  3:04  Drone x2  
  36  3:12  Drone x5  
  41  3:13  Baneling Nest  
  41  3:16  Zergling x2  
  41  3:22  Overlord  
  41  3:24  Evolution Chamber  
  40  3:27  Queen  
  42  3:39  Extractor  
  42  3:40  Extractor  
  40  3:43  Roach Warren  
  40  3:46  Drone x6  
  45  3:55  Drone  
  45  3:56  Drone x2  
  45  4:00  Baneling x2  
  48  4:03  Drone x2  
  48  4:06  Overlord  
  50  4:10  Drone x2  
  49  4:18  Zergling x2  
  49  4:23  Zergling x2  
  51  4:24  Roach  
  51  4:25  Roach x4  
  61  4:34  Roach x2  
  61  4:38  Baneling  
  65  4:40  Baneling  
  62  4:48  Drone x3  
  62  4:49  Overlord x2  
  59  4:53  Roach  
  56  5:06  Roach x2  
  60  5:11  Ravager  
  51  5:22  Drone  
  51  5:23  Roach x4  
  51  5:28  Roach x3  
  49  5:39  Roach x2  
  50  6:10  Drone x8, Evolution Chamber  
  57  6:24  Lair  
  57  6:27  Extractor, Roach x3  
  62  6:44  Drone  
  62  6:45  Drone x3, Roach  
  62  6:46  Roach  
  70  6:59  Roach Warren  
  69  7:12  Hatchery  
  69  7:13  Ravager x3  
  69  7:14  Drone x4  
  69  7:15  Drone  
  76  7:18  Overlord x2  
  76  7:20  Overlord  
  76  7:26  Zerg Missile Weapons Level 1  
  76  7:35  Queen  
  78  7:38  Overseer  
  78  7:40  Drone x2  
  78  7:41  Drone x4  
  84  8:11  Overlord x2  
  84  8:22  Overlord x3  
  84  8:25  Glial Reconstitution  
  84  8:29  Queen  
  84  8:33  Roach x6  
  98  8:42  Pneumatized Carapace  
  98  8:48  Overlord x3  
  98  8:53  Ravager  
  98  8:54  Ravager x3  
  102  9:04  Roach x4  
  110  9:10  Spine Crawler  
  105  9:17  Roach x3  
  105  9:22  Zerg Ground Armor Level 1  
  109  9:25  Roach x3  
  115  9:32  Hatchery  
  115  9:38  Roach  
  116  9:49  Roach  
  118  9:58  Roach  
  118  10:04  Roach  
  118  10:05  Roach x5  
  130  10:12  Overlord  
  130  10:21  Overlord x2  
  130  10:29  Extractor, Queen  
  130  10:30  Extractor  
  130  10:34  Roach x4  
  138  10:37  Overlord x3  
  138  10:38  Overlord  
  138  10:39  Overlord x2  
  138  10:42  Hatchery  
  137  10:59  Roach x12  
  161  11:07  Roach x6  
  173  11:21  Roach x4  
  173  11:24  Roach  
  179  11:35  Roach x4  
  187  11:41  Roach x2  
  172  12:03  Roach x7  
  182  12:12  Drone  
  182  12:13  Drone  
  184  12:15  Ravager  
  184  12:16  Ravager x3  
  184  12:17  Hatchery  
  185  12:27  Infestation Pit  
  176  12:30  Roach  
  168  12:39  Ravager  
  168  12:43  Overseer  
  169  12:45  Overseer  
Show
View Real Time Build Order
Export as new Build Order

Infectious Zerg 

Build Orders: Hatch First, Zergling Baneling 

Get SALT Encoding   

  12  0:00  Drone  
  13  0:12  Overlord  
  13  0:18  Drone  
  14  0:31  Drone x2  
  14  0:35  Drone  
  17  0:52  Hatchery  
  17  0:55  Drone  
  17  0:59  Drone  
  18  1:12  Spawning Pool  
  18  1:16  Extractor  
  18  1:17  Drone  
  17  1:20  Drone  
  18  1:28  Drone  
  19  1:44  Overlord  
  19  2:00  Queen  
  21  2:02  Drone  
  21  2:04  Zergling x2  
  21  2:05  Drone  
  21  2:06  Queen  
  26  2:11  Drone  
  27  2:19  Drone  
  27  2:21  Metabolic Boost  
  28  2:30  Drone x2  
  28  2:36  Zergling x2  
  31  2:42  Zergling x2, Baneling Nest  
  31  2:44  Zergling x2  
  32  2:47  Overlord  
  32  2:53  Overlord  
  32  3:03  Zergling x2  
  33  3:15  Zergling x6  
  33  3:16  Zergling x10  
  41  3:26  Zergling x4  
  43  3:43  Zergling x2  
  43  3:44  Zergling x8  
  43  3:47  Overlord  
  43  3:48  Overlord  
  48  3:49  Zergling x2  
  48  3:52  Baneling  
  48  3:53  Baneling x7  
  49  4:01  Zergling x4  
  51  4:06  Zergling x2  
  49  4:29  Zergling x2  
  49  4:30  Zergling x14  
  43  5:12  Drone  
  43  5:13  Drone x5  
  42  5:29  Drone  
  42  5:30  Drone  
  42  5:33  Roach Warren, Evolution Chamber  
  40  5:35  Extractor x2  
  38  5:43  Drone x2  
  35  6:11  Lair  
  35  6:13  Extractor  
  35  6:15  Roach  
  35  6:16  Roach x7  
  50  6:37  Roach  
  50  6:38  Roach x6  
  64  6:44  Ravager x2  
  64  6:46  Roach  
  68  6:50  Overlord x3  
  68  6:57  Hatchery  
  67  7:09  Roach x6  
  67  7:11  Ravager x2  
  80  7:15  Overseer  
  80  7:21  Zergling x2  
  80  7:22  Zergling x2  
  82  7:25  Burrow  
  82  7:41  Roach  
  82  7:42  Roach x4  
  92  7:44  Overlord  
  92  8:02  Overlord x2  
  92  8:03  Overlord  
  92  8:23  Hydralisk Den  
  92  8:24  Centrifugal Hooks  
  91  8:30  Roach x2  
  91  8:31  Roach  
  97  9:06  Roach x6  
  97  9:07  Roach  
  104  9:22  Roach x3  
  110  9:37  Ravager x2  
  110  9:38  Ravager x7  
  116  9:39  Ravager  
  116  9:42  Ravager  
  121  9:47  Ravager  
  122  9:55  Ravager  
  123  10:10  Hydralisk  
  123  10:11  Hydralisk x2  
  129  10:32  Overlord x4  
  129  10:50  Drone  
  130  11:04  Hydralisk x3  
  130  11:05  Hydralisk  
  130  11:07  Roach  
  140  11:21  Roach  
  140  11:22  Roach x2  
  131  11:48  Roach  
  131  11:49  Roach x5  
  113  12:05  Roach x4  
  108  12:15  Roach  
  98  12:46  Lurker Den  
  98  12:50  Drone  
  98  12:51  Drone x8  
  106  12:54  Drone  
Tags
 
Add a new tag
Caveats
  • Supply blocks, unpowered buildings, or Contaminate may cause inaccurate times.
  • Supply counts are checked every 10 seconds.